Unix NetHack Version 3.7.0-101 Work-in-progress - last build Mar 4 2024 02:26:32 (3c4ac04b664b9ee0831c739617f054b5b60dbfd1,branch:master). Game began 2024-03-24 09:49:44, ended 2024-03-24 10:24:54. elenmirie, neutral female gnomish Archeologist ----- --------- |<..--- ------.......-- ------- ------- |.....---|.........--..| |[..).| . .. --..|....|.---------|..| |..@..| -+---|--.- --.|-.....-- |..| |(.).)| ---- |..| ..|-.| --|........ ---- |..-- ---)@-- . |..---|..---.-..--- ----.|... |..----...- |o|# ..+-.....-|--........--+- ----- |....|.....- - |.| ....)..--....%...........| ------ |.......... ..---.-- .......-|..--------|--..-- |%%]%| |....---.. ........---. ...)... ---|*........|..-- ....| |..... . |..........|.-- .-...... |%?`.].[[!|...| -|- ------.... ----...---...|..-|.|.-.-.......-- -----------...| --.---...-|...-|..|..|-...|..---...|.-...|........|------ |.......-- --.........|..--|..|..|--.....|-...................-|.(](| |.------- +...............-.---|-----..-|..........)..........-.(((| |.|...-. -.....{....----...............|...G................-|.(((| |.|...| ...........- --+--.---------..................)...|------ |.--|------- ---.........| |.|.(((| --.......---........)..|--------.....|....| --..------ |.-.(((| ---...--- ......--......|...{..-..-|| ---- --|.((]| - .........----........|..|(| ------ ------- --------------- Elenmirie the Field Worker St:15 Dx:10 Co:10 In:17 Wi:14 Ch:9 Neutral Dlvl:6 $:0 HP:0(38) Pw:19(19) AC:5 Xp:5/195 T:3097 Burdened Latest messages: What do you want to use or apply? [aegnr-tv-xzBEPX or ?*] w You put an uncursed spellbook of chain lightning into the sack. You put an uncursed spellbook of light into the sack. You see here a cursed lamp called oil. You see here 2 daggers. The bugbear throws a dagger! You are hit by a dagger. The bugbear swings her staff. The bugbear hits! You lash the bugbear. The bugbear swings her staff. The bugbear hits! You miss the bugbear. The bugbear swings her staff. The bugbear hits! "Pilgrim, you enter a sacred place!" You experience a sense of peace. There is an open door here. You see here a dagger. The bugbear swings her staff. The bugbear hits! You die... But wait... Your medallion begins to glow! You feel much better! The medallion crumbles to dust! You survived that attempt on your life. You miss the bugbear. The bugbear swings her staff. The bugbear hits! You lash the bugbear. The bugbear swings her staff. The bugbear hits! You see here 2 daggers. The bugbear throws a dagger! You are hit by a dagger. The bugbear throws a dagger! You are hit by a dagger. You stop searching. You lash the hill orc! The hill orc swings his curved sword. The hill orc hits! The hill orc swings his curved sword. The hill orc hits! You die... Do you want your possessions identified? [ynq] (y) y Do you want to see your attributes? [ynq] (y) y Do you want an account of creatures vanquished? [ynaq] (y) y Do you want to see your conduct and achievements? [ynq] (y) y Do you want to see the dungeon overview? [ynq] (y) y Inventory: Amulets A - a cursed amulet of change Weapons k - 7 uncursed rustproof +0 darts p - 8 uncursed +0 darts a - an uncursed +2 bullwhip (weapon in right hand) Armor c - an uncursed +0 fedora (being worn) K - a blessed +1 cloak of magic resistance (being worn) b - an uncursed +0 leather jacket (being worn) Comestibles B - an uncursed eucalyptus leaf d - 2 uncursed food rations L - 2 cursed food rations q - 2 uncursed fortune cookies Rings m - a cursed ring of polymorph j - a cursed -1 ring of protection l - a cursed ring of searching H - an uncursed ring of see invisible Wands r - an uncursed wand of digging (0:2) s - a cursed wand of slow monster (0:5) n - a cursed wand of teleportation (0:5) Tools w - an uncursed sack containing 22 items x - an uncursed blindfold e - an uncursed lock pick z - an uncursed magic marker (0:22) v - a blessed oil lamp P - a cursed stethoscope t - an uncursed tinning kit (0:80) Gems/Stones g - an uncursed touchstone Contents of the sack: 1694 gold pieces an uncursed scroll of destroy armor a cursed scroll of enchant armor an uncursed scroll of enchant weapon a cursed scroll of fire a cursed scroll of food detection 2 cursed scrolls of identify a blessed scroll of light a cursed scroll of remove curse a cursed scroll of taming a cursed scroll of teleportation an uncursed spellbook of chain lightning a cursed spellbook of force bolt an uncursed spellbook of light a cursed potion of gain energy a cursed potion of hallucination an uncursed potion of healing a cursed potion of object detection a cursed potion of oil a cursed potion of paralysis an uncursed potion of see invisible an uncursed +0 pick-axe Elenmirie the Archeologist's attributes: Background: You were a Field Worker, a level 5 female gnomish Archeologist. You were neutral, on a mission for Camaxtli who was opposed by Quetzalcoatl (lawful) and Huhetotl (chaotic). You were right-handed. You were in the Gnomish Mines, on level 6. You entered the dungeon 3097 turns ago. There was a full moon in effect when your adventure ended. You had 195 experience points, 125 more were needed to attain level 6. Basics: You had 0 out of 38 hit points. You had all 19 energy points (spell power). Your armor class was 5. Your wallet was empty, but you had 1694 zorkmids stashed away in your pack. Autopickup was on for '$' plus thrown. Final Characteristics: Your strength was 15 (limit:18/50). Your dexterity was 10 (limit:18). Your constitution was 10 (peak:11, limit:18). Your intelligence was 17 (limit:19). Your wisdom was 14 (limit:18). Your charisma was 9 (limit:18). Final Status: You weren't hungry. You were burdened; movement was slightly slowed. You were wielding a whip. You were skilled in whip. Final Attributes: You were piously aligned. You were magic-protected. You were telepathic. You had automatic searching. You had infravision. You were stealthy. You had a small defense bonus (+2). You were warded. You were lucky. You are dead (2nd time!). Miscellaneous: You encountered 1 bones level. Total elapsed playing time was 35 minutes and 7 seconds. Major events: Turn 1: elenmirie the neutral female gnomish Archeologist entered the dungeon 870: entered the Gnomish Mines 1181: attained the rank of Field Worker (level 3) 2237: reached Mine Town 2545: destroyed Kevkat's ghost, the former Conjurer 3069: averted death (killed by a bugbear) 3097: killed by a hill orc Vanquished creatures: a ghost a shrieker 3 giant ants 3 floating eyes a kitten a dwarf a kobold shaman 2 iguanas a coyote 2 giant rats 2 cave spiders 4 yellow molds a green mold 3 gnomes 2 gnome zombies 3 geckos 5 jackals a fox 3 kobolds 3 goblins 2 grid bugs a lichen 4 kobold zombies 7 newts 57 creatures vanquished. No species were genocided or became extinct. Voluntary challenges: You read items or engraved 4 times. You never engraved Elbereth. You never genocided any monsters. You never polymorphed an object. You never changed form. You used no wishes. Achievements: You entered a shop. You entered the Gnomish Mines. You attained the rank of Field Worker. You entered Minetown. You entered a temple. The Dungeons of Doom: levels 1 to 2 Level 1: Level 2: A fountain. Stairs down to The Gnomish Mines. The Gnomish Mines: levels 3 to 6 Level 3: Level 4: Level 5: Level 6: <- You were here. A temple and an altar to Camaxtli, many fountains, a grave. Final resting place for you, killed by a hill orc, Kevkat-Wiz-Elf-Fem-Cha, killed by a dagger. Game over: ---------- / \ / REST \ / IN \ / PEACE \ / \ | elenmirie | | 1694 Au | | killed by a hill | | orc | | | | | | 2024 | *| * * * | * _________)/\\_//(\/(/\)/\//\/|_)_______ Goodbye elenmirie the Archeologist... You died in The Gnomish Mines on dungeon level 6 with 2575 points, and 1694 pieces of gold, after 3097 moves. You were level 5 with a maximum of 38 hit points when you died.